 Dungeon Crawl Stone Soup version 0.29-a0-582-ge82337ba6a (webtiles) character file.

Game seed: 11040585397705350957

69 porpoise the Shooter (level 4, -1/27 HPs)
             Began as a Tengu Hunter on June 15, 2022.
             Slain by Sigmund
             ... wielding a +0 scythe
              (10 damage)
             ... on level 2 of the Dungeon.
             The game lasted 00:03:12 (1436 turns).

porpoise the Shooter (Tengu Hunter)                 Turns: 1436, Time: 00:03:12

Health: -1/27      AC:  5    Str: 12    XL:     4   Next: 20%
Magic:  5/5        EV: 11    Int:  9    God:
Gold:   89         SH:  0    Dex: 19    Spells: 3/3 levels left

rFire   . . .      SeeInvis .   a - +1 shortbow
rCold   . . .      Faith    .   (shield currently unavailable)
rNeg    + . .      Spirit   .   e - +0 ring mail
rPois   .          Reflect  .   (helmet restricted)
rElec   .          Harm     .   (no cloak)
rCorr   .          Rampage  .   (no gloves)
Will    .....                   (boots unavailable)
Stlth   ++........              (no amulet)
HPRegen 0.09/turn               d - ring of positive energy
MPRegen 0.09/turn               (no ring)

@: slowed, very slow
A: beak, talons 3
a: no special abilities


You were on level 2 of the Dungeon.
You visited 1 branch of the dungeon, and saw 2 of its levels.

You collected 89 gold pieces.

Inventory:

Hand Weapons
 a - a +1 shortbow (weapon)
Armour
 e - a +0 ring mail (worn)
Magical Staves
 h - a staff of air
Jewellery
 d - a ring of positive energy (left hand)
Scrolls
 b - a scroll of amnesia {unknown}
 c - a scroll of immolation
 f - 2 scrolls of fog {unknown}
 g - 3 scrolls of identify {unknown}
 i - a scroll of magic mapping {unknown}


   Skills:
 + Level 2.7 Fighting
 * Level 5.3 Bows
 - Level 2.1 Dodging
 + Level 2.1 Stealth


You had 3 spell levels left.
You didn't know any spells.
Your spell library contained the following spells:

 Spells                   Type           Power      Damage    Failure   Level
 Magic Dart               Conj           0%         1d3       67%         1
 Call Imp                 Summ           0%         N/A       80%         2
 Sublimation of Blood     Necr           0%         N/A       80%         2
 Wereblood                Tmut           0%         N/A       80%         2
 Mephitic Cloud           Conj/Pois/Air  0%         N/A       95%         3
 Summon Hydra             Summ           0%         N/A       100%        7


Dungeon Overview and Level Annotations

Branches:
Dungeon (2/15)

Altars:

Annotations:
D:2 1 runed translucent door, Crazy Yiuf, Natasha, Sigmund


Innate Abilities, Weirdness & Mutations

You have a beak for a mouth.
You have claws for feet.


Message History

You hear an angry hiss.
The shadow imp hits you. The shadow imp barely misses you.
You shoot an arrow. The arrow hits the shadow imp.
The shadow imp is moderately wounded.
The shadow imp hits you but does no damage.
The white imp shouts, "Bolt, thou clouted mallardish hugger-mugger!"
You shoot an arrow. The arrow hits the shadow imp.
The shadow imp is heavily wounded.
The shadow imp gestures at you. Pain shoots through your body!
The shadow imp hits you. The white imp spits at you.
The shadow imp gestures at you. Pain shoots through your body!
There are no items here.
Shoot: a) +1 shortbow
Press: ? - help, Q - select action Shift-Dir - straight line, f - Natasha, p - shadow imp
Aim: Natasha (fast, 59% to hit)
You shoot an arrow.
The arrow closely misses the shadow imp.
The arrow hits Natasha!
Natasha is almost dead.
The frilled lizard hisses.
The shadow imp hits you.
The shadow imp hits you but does no damage.
Shoot: a) +1 shortbow
Press: ? - help, Q - select action Shift-Dir - straight line, f/p - Natasha
Aim: Natasha (almost dead, fast, 59% to hit)
You shoot an arrow. The arrow barely misses the shadow imp.
The arrow barely misses Natasha.
The shadow imp gestures at you. Pain shoots through your body!
The shadow imp hits you but does no damage.
Shoot: a) +1 shortbow
Press: ? - help, Q - select action Shift-Dir - straight line, f/p - Natasha
Aim: Natasha (almost dead, fast, 59% to hit)
You shoot an arrow. The arrow hits the shadow imp!
You kill the shadow imp!
The shadow imp disappears in a puff of smoke!
Natasha barely misses you. x2; Something hits you!
You die...

#.# ##...##
#....[# #.
##+## #...###
#. #.# ##.##
### #.# #.#
...l# ##.##
#.#
###...#.l5###
#.#
#...@....#.5#
#.#
#.##.##h###h##
#.# # #.##
##@#####[# ##
#........#
#..########
#.#. .....
######


You could see Natasha (fast), a white imp (summoned), a shadow imp (summoned)
and a frilled lizard.

Vanquished Creatures
  Natasha (D:2)
  An adder (D:2)
  A worm (D:2)
  A dart slug (D:2)
  2 bats (D:1)
  3 endoplasms
  3 giant cockroaches
  2 goblins (D:1)
  2 hobgoblins (D:1)
  2 kobolds
  A quokka (D:1)
  5 ball pythons
  3 frilled lizards (D:1)
  4 rats (D:1)
31 creatures vanquished.

Notes
Turn   | Place    | Note
-------+----------+-------------------------------------------
     0 | D:1      | porpoise the Tengu Hunter began the quest for the Orb.
     0 | D:1      | Reached XP level 1. HP: 12/12 MP: 2/2
   183 | D:1      | Reached XP level 2. HP: 17/17 MP: 3/3
   583 | D:1      | Reached XP level 3. HP: 22/22 MP: 4/4
   893 | D:2      | Reached skill level 5 in Bows
   907 | D:2      | Found a runed translucent door.
   908 | D:2      | Noticed Crazy Yiuf
  1312 | D:2      | Noticed Natasha
  1319 | D:2      | Killed Natasha
  1320 | D:2      | Reached XP level 4. HP: 24/27 MP: 5/5
  1422 | D:2      | Noticed Sigmund
  1423 | D:2      | Noticed Natasha
  1436 | D:2      | Slain by Sigmund

Illustrated notes

Levels and vault maps discovered:
D:1:      lemuel_arrival_rhombus, layout_basic, kennysheep_boxes
D:2:      layout_loops_corners, uniq_natasha, uniq_sigmund,
          uniq_crazy_yiuf_cottage

Skill      XL: |  1  2  3 |
---------------+----------+-----
Bows           | 5 |  5.3
Stealth        | 2 |  2.1
Fighting       | |  2.7
Dodging        | |  2.1

Action                   |  1- 3 |  4- 6 || total
-------------------------+-------+-------++-------
 Fire: Shortbow          |    84 |     8 ||    92
Armor: Ring mail         |     7 |     3 ||    10
Dodge: Dodged            |    15 |     4 ||    19

Table legend: (Time is in decaauts)
 A = Elapsed time spent in this place.
 B = Non-inter-level travel time spent in this place.
 C = Inter-level travel time spent in this place.
 D = Time resting spent in this place.
 E = Time spent auto-exploring this place.
 F = Levels seen in this place.
 G = Mean time per level.
                   A        B        C        D        E       F      G
               +--------+--------+--------+--------+--------+-----+--------+
         Total |   1498 |   1492 |      6 |    172 |   1104 |   2 |  749.0 |
       Dungeon |   1498 |   1492 |      6 |    172 |   1104 |   2 |  749.0 |
               +--------+--------+--------+--------+--------+-----+--------+

Top non-repeatable levels by time:
     D:1: 853 daAuts
     D:2: 645 daAuts
